 Dungeon Crawl Stone Soup version 0.31.0-9-g3a7656b989 (webtiles) character file.

Game seed: 15300187682111045812

8 Colgate the Poker (level 2, 16/24 HPs)
             Began as a Demonspawn Chaos Knight on Feb 3, 2024.
             Was a Plaything of Xom.
             Quit the game on level 1 of the Dungeon.
             The game lasted 00:00:07 (66 turns).

Colgate the Poker (Demonspawn Chaos Knight)           Turns: 66, Time: 00:00:08

Health: 16/24      AC:  6    Str: 12    XL:     2   Next: 0%
Magic:  2/2        EV: 11    Int: 12    God:    Xom [..*...]
Gold:   6          SH:  0    Dex: 12    Spells: 1/1 levels left

rFire   . . .        a - +0 spear (chaos)
rCold   . . .        (no shield)
rNeg    . . .        b - +2 leather armour
rPois   .            (no helmet)
rElec   .            (no cloak)
rCorr   .            (no gloves)
SInv    .            (no boots)
Will    .....        (no amulet)
Stlth   +            (no ring)
HPRegen 0.24/turn    (no ring)
MPRegen 0.08/turn

%: no passive effects
@: no status effects
A: rugged brown scales 1
a: Renounce Religion


You were on level 1 of the Dungeon.
You worshipped Xom.
You were a toy of Xom.
You visited 1 branch of the dungeon, and saw 1 of its levels.

You collected 6 gold pieces.

Inventory:

Hand Weapons
 a - a +0 spear of chaos (weapon)
Armour
 b - a +2 leather armour (worn)
Scrolls
 c - a scroll of butterflies


   Skills:
 - Level 3.0 Fighting
 + Level 3.2 Polearms
 - Level 1.7 Armour
 - Level 0.8 Dodging


You had one spell level left.
You didn't know any spells.
Your spell library was empty.

Dungeon Overview and Level Annotations

Branches:
Dungeon (1/15)

Altars:


Innate Abilities, Weirdness & Mutations

You are partially covered in rugged brown scales. (AC +1, +3% HP)


Message History

The jackal barks!
The endoplasm quivers.
You hear a bark!
You hear an angry hiss.
A jackal comes into view.
There are monsters nearby!
You reach to attack!
You hit the frilled lizard. You burn the frilled lizard.
You kill the frilled lizard!
There are monsters nearby!
You hit the jackal.
The jackal is poisoned.
You kill the jackal!
Your Polearms skill increases to level 3!
There are monsters nearby!
A bat comes into view.
There are monsters nearby!
You hit the jackal but do no damage. Lightning courses through the jackal!
You kill the jackal!
There are monsters nearby!
You hit the endoplasm.
The endoplasm seems to grow stronger.
The endoplasm freezes you.
You are frozen.
There are monsters nearby!
You hit the endoplasm.
The endoplasm is duplicated!
The bat hits you.
The endoplasm hits you but does no damage.
Your endoplasm hits the endoplasm.
The endoplasm dies!
A bat is nearby!
You hit the bat but do no damage.
The bat falls asleep!
The bat barely misses you. The bat hits your endoplasm.
Your endoplasm dies!
The bat barely misses you.
A bat is nearby!
You hit the bat.
You kill the bat!
You have reached level 2!
Your demonic ancestry asserts itself...
Rugged brown scales grow over part of your body.
Xom is amused.
You swing at nothing.
A ball python comes into view.
Are you sure you want to abandon this character and quit the game? (Confirm with "yes".)

.# ..# S##.. ### ....
##>## .## ... ##.... ...
..# ##..⌠.. #.. ..####.
#.....⌠
####.###†......#.#..⌠...
.......@.# #.#......
........### #.#######
..........## #.# #
.....#.##..## #.####
.....#. ##..####.##.#
.... #. ##......##.####
... #.#####..........##
... #..............#...
####...........#.##


You could see a ball python.

Vanquished Creatures
  A bat (D:1)
  A goblin (D:1)
  2 jackals (D:1)
  A ball python (D:1)
  A frilled lizard (D:1)
6 creatures vanquished.

Vanquished Creatures (collateral kills)
  An endoplasm (D:1)
1 creature vanquished.

Vanquished Creatures (others)
  An endoplasm (D:1)
1 creature vanquished.

Grand Total: 8 creatures vanquished

Notes
Turn   | Place    | Note
-------+----------+-------------------------------------------
     0 | D:1      | Colgate the Demonspawn Chaos Knight began the quest for the
                  | Orb.
     0 | D:1      | Reached XP level 1. HP: 18/18 MP: 1/1
    65 | D:1      | Gained mutation: You are partially covered in rugged brown
                  | scales. (AC +1, +3% HP) [demonic ancestry]
    65 | D:1      | Reached XP level 2. HP: 15/24 MP: 2/2
    66 | D:1      | Quit the game

Illustrated notes

Levels and vault maps discovered:
D:1:      dpeg_arrival_leaves_temple_mockup, layout_basic,
          minmay_misc_feat_four_crosses, minmay_cut_off

Skill      XL: |  1 |
---------------+----+-----
Polearms       | 3 |  3.2
Fighting       | |  3.0
Armour         | |  1.7
Dodging        | |  0.8

Action                     || total
---------------------------++-------
  Melee: Spear             ||    11
 Armour: Leather armour    ||     3
  Dodge: Dodged            ||     2
